| TOP OF THE 1ST |
|
Toronto Blue Jays batting - Pitching for Baltimore Orioles : LHP Lennart Hjelm
|
|
Pitching: LHP Lennart Hjelm
|
|
|
Batting: RHB Donny Burnside
|
0-0: Ball 1-0: Ball 2-0: Foul Ball, location: 2F 2-1: Ground out 6-3 (Groundball, 6, EV 85.6 MPH)
|
|
Batting: RHB Danny Burnside
|
0-0: Ball 1-0: Foul Ball, location: 2F 1-1: Swinging Strike 1-2: Foul Ball, location: 2F 1-2: Ball 2-2: Foul Ball, location: 2F 2-2: Ball 3-2: Foul Ball, location: 2F 3-2: Fly out, F9 (Flyball, 9, EV 90.6 MPH)
|
|
Batting: SHB Matt Altieri
|
0-0: Ball 1-0: Called Strike 1-1: Foul Ball, location: 2F 1-2: Foul Ball, location: 2F 1-2: Ground out 1-3 (Groundball, 34S, EV 68.1 MPH)
|
| Top of the 1st over - 0 runs, 0 hits, 0 errors, 0 left on base; Toronto 0 - Baltimore 0 |
| BOTTOM OF THE 1ST |
|
Baltimore Orioles batting - Pitching for Toronto Blue Jays : RHP Tony Rios
|
|
Pitching: RHP Tony Rios
|
|
|
Batting: RHB Saimei Kudo
|
0-0: Called Strike 0-1: Swinging Strike 0-2: Ball 1-2: Strikes out looking
|
|
Batting: RHB Vince Jackson
|
0-0: Foul Ball, location: 2F 0-1: Called Strike 0-2: Ball 1-2: Strikes out looking
|
|
Batting: RHB Rudo Garciaparra
|
0-0: Ball 1-0: Ball 2-0: Ball 3-0: Called Strike 3-1: Foul Ball, location: 2F 3-2: Strikes out swinging
|
| Bottom of the 1st over - 0 runs, 0 hits, 0 errors, 0 left on base; Toronto 0 - Baltimore 0 |
| TOP OF THE 2ND |
|
Toronto Blue Jays batting - Pitching for Baltimore Orioles : LHP Lennart Hjelm
|
|
Batting: RHB C.J. Richerson
|
0-0: Ball 1-0: Ball 2-0: Called Strike 2-1: Foul Ball, location: 2F 2-2: Ground out 1-3 (Groundball, 25, EV 70.6 MPH)
|
|
Batting: LHB Willis Robles
|
0-0: Ball 1-0: Foul Ball, location: 2F 1-1: Foul Ball, location: 2F 1-2: SINGLE (Line Drive, 34D, EV 107.5 MPH)
|
|
Batting: RHB Brock Van Gilder
|
0-0: Called Strike 0-1: Ball 1-1: Ball Willis Robles steals 2nd base 2-1: Ball 3-1: Called Strike 3-2: SINGLE (Line Drive, 6D, EV 106.9 MPH) Willis Robles to third
|
|
Batting: LHB Nate Dean
|
0-0: Ball 1-0: 3-RUN HOME RUN (Flyball, 9D, EV 95.0 MPH), Distance : 383 ft
|
|
Batting: RHB Kirk Arp
|
0-0: Fly out, F9 (Flyball, 9S, EV 93.8 MPH)
|
|
Batting: LHB Jon Schick
|
0-0: Ball 1-0: Ball 2-0: Called Strike 2-1: Foul Ball, location: 2F 2-2: Fly out, F8 (Flyball, 8RXD, EV 88.8 MPH)
|
| Top of the 2nd over - 3 runs, 3 hits, 0 errors, 0 left on base; Toronto 3 - Baltimore 0 |
| BOTTOM OF THE 2ND |
|
Baltimore Orioles batting - Pitching for Toronto Blue Jays : RHP Tony Rios
|
|
Batting: SHB Jason Hayes
|
0-0: Ball 1-0: Called Strike 1-1: Ground out 4-3 (Groundball, 4, EV 87.5 MPH)
|
|
Batting: SHB Robert Handy
|
0-0: Ball 1-0: Called Strike 1-1: Ball 2-1: Fly out, F8 (Flyball, 8LS, EV 85.0 MPH)
|
|
Batting: SHB Cesar Herrera
|
0-0: Ball 1-0: Ball 2-0: Fly out, F8 (Flyball, 8RD, EV 103.8 MPH)
|
| Bottom of the 2nd over - 0 runs, 0 hits, 0 errors, 0 left on base; Toronto 3 - Baltimore 0 |
| TOP OF THE 3RD |
|
Toronto Blue Jays batting - Pitching for Baltimore Orioles : LHP Lennart Hjelm
|
|
Batting: RHB Donny Burnside
|
0-0: Ball 1-0: Fly out, F7 (Line Drive, 7S, EV 90.0 MPH)
|
|
Batting: RHB Danny Burnside
|
0-0: Called Strike 0-1: Fly out, F8 (Line Drive, 8LM, EV 90.0 MPH)
|
|
Batting: SHB Matt Altieri
|
0-0: Ball 1-0: SINGLE (Groundball, 6S, EV 61.2 MPH) (infield hit)
|
|
Batting: RHB C.J. Richerson
|
0-0: Called Strike 0-1: Fly out, F9 (Flyball, 89M, EV 95.0 MPH)
|
| Top of the 3rd over - 0 runs, 1 hit, 0 errors, 1 left on base; Toronto 3 - Baltimore 0 |
| BOTTOM OF THE 3RD |
|
Baltimore Orioles batting - Pitching for Toronto Blue Jays : RHP Tony Rios
|
|
Batting: SHB Tony Prado
|
0-0: Foul Ball, location: 2F 0-1: Ball 1-1: Called Strike 1-2: Ball 2-2: SINGLE (Flyball, 7LS, EV 93.1 MPH)
|
|
Batting: SHB Bran Stark
|
0-0: Foul Ball, location: 2F 0-1: Fly out, F6 (Popup, 6D, EV 66.9 MPH)
|
|
Batting: RHB Raul Mendoza
|
0-0: Called Strike 0-1: Hit by Pitch Tony Prado to second
|
|
Batting: RHB Saimei Kudo
|
0-0: Called Strike 0-1: Called Strike 0-2: Ball 1-2: Ball 2-2: Foul Ball, location: 2F 2-2: Foul Ball, location: 2F 2-2: Foul Ball, location: 2F 2-2: Ball 3-2: Fly out, F9 (Flyball, 9, EV 85.6 MPH)
|
|
Batting: RHB Vince Jackson
|
0-0: Called Strike 0-1: Swinging Strike 0-2: Ball 1-2: Strikes out swinging
|
| Bottom of the 3rd over - 0 runs, 1 hit, 0 errors, 2 left on base; Toronto 3 - Baltimore 0 |
| TOP OF THE 4TH |
|
Toronto Blue Jays batting - Pitching for Baltimore Orioles : LHP Lennart Hjelm
|
|
Batting: LHB Willis Robles
|
0-0: Ball 1-0: DOUBLE (Groundball, 3L, EV 100.0 MPH)
|
|
Batting: RHB Brock Van Gilder
|
0-0: Ball 1-0: Ball 2-0: Ball 3-0: Base on Balls
|
|
Batting: LHB Nate Dean
|
0-0: Called Strike 0-1: Called Strike 0-2: Strikes out swinging
|
|
Batting: RHB Kirk Arp
|
0-0: Ball 1-0: SINGLE (Line Drive, 6D, EV 96.9 MPH) Willis Robles to third Brock Van Gilder to second Runner from 3rd tries for Home, SAFE, throw by LF to home
|
|
Batting: LHB Jon Schick
|
0-0: Ball 1-0: Foul Ball, location: 2F 1-1: Ball 2-1: Ball 3-1: Called Strike 3-2: Foul Ball, location: 2F 3-2: Fly out, F7 (Flyball, 78D, EV 97.5 MPH)
|
|
Batting: RHB Donny Burnside
|
0-0: Foul Ball, location: 2F 0-1: Called Strike 0-2: Foul Ball, location: 2F 0-2: Ball 1-2: Foul Ball, location: 2F 1-2: Foul Ball, location: 2F 1-2: Ball 2-2: Foul Ball, location: 2F 2-2: Ball 3-2: Base on Balls Brock Van Gilder to third Kirk Arp to second
|
|
Batting: RHB Danny Burnside
|
0-0: Called Strike 0-1: Ball 1-1: Ground out U3 (Groundball, 3, EV 84.4 MPH)
|
| Top of the 4th over - 1 run, 2 hits, 0 errors, 3 left on base; Toronto 4 - Baltimore 0 |
| BOTTOM OF THE 4TH |
|
Baltimore Orioles batting - Pitching for Toronto Blue Jays : RHP Tony Rios
|
|
Batting: RHB Rudo Garciaparra
|
0-0: Foul Ball, location: 2F 0-1: Called Strike 0-2: Ball 1-2: Fly out, F9 (Flyball, 9LM, EV 85.0 MPH)
|
|
Batting: SHB Jason Hayes
|
0-0: Fly out, F6 (Flyball, 56D, EV 89.4 MPH)
|
|
Batting: SHB Robert Handy
|
0-0: Ball 1-0: Foul Ball, location: 2F 1-1: Foul Ball, location: 2F 1-2: SINGLE (Popup, 4MD, EV 70.6 MPH)
|
|
Batting: SHB Cesar Herrera
|
0-0: Ball 1-0: Called Strike 1-1: Ball 2-1: Ball 3-1: Foul Ball, location: 2F 3-2: Base on Balls Robert Handy to second
|
|
Batting: SHB Tony Prado
|
0-0: Ball 1-0: DOUBLE (Flyball, 8LXD, EV 90.6 MPH) Robert Handy scores Cesar Herrera to third Runner from 3rd tries for Home, SAFE, throw by CF to home
|
|
Batting: SHB Bran Stark
|
0-0: Called Strike 0-1: Ball 1-1: Swinging Strike 1-2: Ball 2-2: Foul Ball, location: 2F 2-2: Strikes out looking
|
| Bottom of the 4th over - 2 runs, 2 hits, 0 errors, 1 left on base; Toronto 4 - Baltimore 2 |
| TOP OF THE 5TH |
|
Toronto Blue Jays batting - Pitching for Baltimore Orioles : LHP Lennart Hjelm
|
|
Batting: SHB Matt Altieri
|
0-0: Called Strike 0-1: Swinging Strike 0-2: Ball 1-2: Ball 2-2: Ball 3-2: Foul Ball, location: 2F 3-2: Base on Balls
|
|
Batting: RHB C.J. Richerson
|
0-0: Ball 1-0: Called Strike 1-1: 2-RUN HOME RUN (Flyball, 7LD, EV 95.0 MPH), Distance : 361 ft
|
|
Pitching: RHP Antonio Escobosa
|
|
|
Batting: LHB Willis Robles
|
0-0: Ball 1-0: Ball 2-0: Called Strike 2-1: Ball 3-1: Base on Balls
|
|
Batting: RHB Brock Van Gilder
|
0-0: Called Strike 0-1: Called Strike Willis Robles steals 2nd base 0-2: Ball 1-2: Strikes out swinging
|
|
Batting: LHB Nate Dean
|
0-0: Called Strike 0-1: Ball 1-1: Ball 2-1: Ball 3-1: DOUBLE (Line Drive, 78D, EV 107.5 MPH) Willis Robles scores
|
|
Batting: RHB Kirk Arp
|
0-0: Called Strike 0-1: Called Strike 0-2: Fly out, F8 (Flyball, 8RD, EV 106.9 MPH)
|
|
Batting: LHB Jon Schick
|
0-0: Ball 1-0: Ball 2-0: Called Strike 2-1: Ground out 5-3 (Groundball, 56, EV 91.2 MPH)
|
| Top of the 5th over - 3 runs, 2 hits, 0 errors, 1 left on base; Toronto 7 - Baltimore 2 |
| BOTTOM OF THE 5TH |
|
Baltimore Orioles batting - Pitching for Toronto Blue Jays : RHP Tony Rios
|
|
Batting: RHB Raul Mendoza
|
0-0: Ball 1-0: Ball 2-0: Ball 3-0: Base on Balls
|
|
Batting: RHB Saimei Kudo
|
0-0: Called Strike Raul Mendoza is caught stealing 2nd base 2-4 0-1: Called Strike 0-2: Ground out 5-3 (Groundball, 56, EV 93.1 MPH)
|
|
Batting: RHB Vince Jackson
|
0-0: Called Strike 0-1: Called Strike 0-2: Ball 1-2: Foul Ball, location: 2F 1-2: Ball 2-2: SINGLE (Groundball, 56S, EV 73.8 MPH) (infield hit)
|
|
Batting: RHB Rudo Garciaparra
|
0-0: Called Strike 0-1: Ball 1-1: Foul Ball, location: 2F 1-2: Ball 2-2: DOUBLE (Line Drive, 8RXD, EV 103.8 MPH) Vince Jackson to third
|
|
Batting: SHB Jason Hayes
|
0-0: Swinging Strike 0-1: Swinging Strike 0-2: Ball 1-2: Ball 2-2: Ground out U3 (Groundball, 3L, EV 95.0 MPH)
|
| Bottom of the 5th over - 0 runs, 2 hits, 0 errors, 2 left on base; Toronto 7 - Baltimore 2 |
| TOP OF THE 6TH |
|
Toronto Blue Jays batting - Pitching for Baltimore Orioles : RHP Antonio Escobosa
|
|
Batting: RHB Donny Burnside
|
0-0: Ball 1-0: Called Strike 1-1: Foul Ball, location: 2F 1-2: Ball 2-2: Strikes out swinging
|
|
Pitching: RHP Lorenzo Merjil
|
|
|
Batting: RHB Danny Burnside
|
0-0: Ball 1-0: Called Strike 1-1: Ball 2-1: DOUBLE (Line Drive, 9LD, EV 110.6 MPH)
|
|
Batting: SHB Matt Altieri
|
0-0: Ball 1-0: Called Strike 1-1: Called Strike 1-2: Strikes out looking
|
|
Batting: RHB C.J. Richerson
|
0-0: Called Strike 0-1: Ground out 6-3 (Groundball, 6, EV 100.6 MPH)
|
| Top of the 6th over - 0 runs, 1 hit, 0 errors, 1 left on base; Toronto 7 - Baltimore 2 |
| BOTTOM OF THE 6TH |
|
Baltimore Orioles batting - Pitching for Toronto Blue Jays : RHP Tony Rios
|
|
Batting: SHB Robert Handy
|
0-0: Ball 1-0: Ball 2-0: Foul Ball, location: 2F 2-1: Swinging Strike 2-2: Ground out 6-3 (Groundball, 4, EV 107.5 MPH)
|
|
Batting: SHB Cesar Herrera
|
0-0: Ball 1-0: Called Strike 1-1: Called Strike 1-2: Ball 2-2: Fly out, F4 (Flyball, 4D, EV 83.8 MPH)
|
|
Batting: SHB Tony Prado
|
0-0: Foul Ball, location: 2F 0-1: Called Strike 0-2: Ball 1-2: Foul Ball, location: 2F 1-2: Ball 2-2: Ball 3-2: Foul Ball, location: 2F 3-2: Foul Ball, location: 2F 3-2: Ground out 4-3 (Groundball, 4, EV 106.9 MPH)
|
| Bottom of the 6th over - 0 runs, 0 hits, 0 errors, 0 left on base; Toronto 7 - Baltimore 2 |
| TOP OF THE 7TH |
|
Toronto Blue Jays batting - Pitching for Baltimore Orioles : RHP Lorenzo Merjil
|
|
Batting: LHB Willis Robles
|
0-0: Called Strike 0-1: Swinging Strike 0-2: Ball 1-2: Strikes out swinging
|
|
Batting: RHB Brock Van Gilder
|
0-0: Called Strike 0-1: Ball 1-1: Ball 2-1: Ball 3-1: Called Strike 3-2: Foul Ball, location: 2F 3-2: Foul Ball, location: 2F 3-2: SOLO HOME RUN (Flyball, 89XD, EV 99.4 MPH), Distance : 394 ft
|
|
Batting: LHB Nate Dean
|
0-0: Foul Ball, location: 2F 0-1: Ball 1-1: Called Strike 1-2: Foul Ball, location: 2F 1-2: Ball 2-2: Strikes out looking
|
|
Batting: RHB Kirk Arp
|
0-0: Called Strike 0-1: Ground out 5-3 (Groundball, 56, EV 85.0 MPH)
|
| Top of the 7th over - 1 run, 1 hit, 0 errors, 0 left on base; Toronto 8 - Baltimore 2 |
| BOTTOM OF THE 7TH |
|
Baltimore Orioles batting - Pitching for Toronto Blue Jays : RHP Tony Rios
|
|
Pitching: RHP Aaron Linkous
|
|
|
Now at 2B: Dylan Novakowski
|
|
|
Batting: SHB Bran Stark
|
0-0: Ball 1-0: Called Strike 1-1: Ball 2-1: SINGLE (Line Drive, 78S, EV 105.6 MPH)
|
|
Batting: RHB Raul Mendoza
|
0-0: Ball 1-0: Ball 2-0: Ball 3-0: Base on Balls Bran Stark to second
|
|
Batting: RHB Saimei Kudo
|
0-0: Called Strike 0-1: Ball 1-1: Called Strike 1-2: Ball 2-2: Ball 3-2: Grounds into TRIPLE play, 5-4 (Groundball, 5L, EV 89.4 MPH)
|
| Bottom of the 7th over - 0 runs, 1 hit, 0 errors, 0 left on base; Toronto 8 - Baltimore 2 |
| TOP OF THE 8TH |
|
Toronto Blue Jays batting - Pitching for Baltimore Orioles : RHP Lorenzo Merjil
|
|
Batting: LHB Jon Schick
|
0-0: Ground out 4-3 (Groundball, 4, EV 95.0 MPH)
|
|
Batting: RHB Donny Burnside
|
0-0: Called Strike 0-1: Ball 1-1: Called Strike 1-2: Foul Ball, location: 2F 1-2: Ball 2-2: Fly out, F9 (Line Drive, 9D, EV 91.9 MPH)
|
|
Batting: RHB Danny Burnside
|
0-0: Foul Ball, location: 2F 0-1: Called Strike 0-2: Foul Ball, location: 2F 0-2: Strikes out swinging
|
| Top of the 8th over - 0 runs, 0 hits, 0 errors, 0 left on base; Toronto 8 - Baltimore 2 |
| BOTTOM OF THE 8TH |
|
Baltimore Orioles batting - Pitching for Toronto Blue Jays : RHP Aaron Linkous
|
|
Batting: RHB Vince Jackson
|
0-0: Called Strike 0-1: Foul Ball, location: 2F 0-2: Strikes out swinging
|
|
Batting: RHB Rudo Garciaparra
|
0-0: Ball 1-0: Ball 2-0: Ball 3-0: Called Strike 3-1: Foul Ball, location: 2F 3-2: Fly out, F7 (Flyball, 78M, EV 84.4 MPH)
|
|
Batting: SHB Jason Hayes
|
0-0: Ball 1-0: Ball 2-0: Called Strike 2-1: Foul Ball, location: 2F 2-2: SINGLE (Line Drive, 9S, EV 91.9 MPH)
|
|
Pitching: LHP Tim Franco
|
|
|
Batting: SHB Robert Handy
|
0-0: Ball 1-0: Ball 2-0: Ball 3-0: Called Strike 3-1: Called Strike 3-2: Ground out 6-3 (Groundball, 56, EV 83.8 MPH)
|
| Bottom of the 8th over - 0 runs, 1 hit, 0 errors, 1 left on base; Toronto 8 - Baltimore 2 |
| TOP OF THE 9TH |
|
Toronto Blue Jays batting - Pitching for Baltimore Orioles : RHP Lorenzo Merjil
|
|
Pitching: RHP Chris Dauphin
|
|
|
Batting: SHB Matt Altieri
|
0-0: Ground out 5-3 (Groundball, 56, EV 88.8 MPH)
|
|
Batting: SHB Dylan Novakowski
|
0-0: Swinging Strike 0-1: Ball 1-1: Swinging Strike 1-2: Ball 2-2: Ball 3-2: SINGLE (Groundball, 4M, EV 76.9 MPH) (infield hit)
|
|
Batting: LHB Willis Robles
|
0-0: Called Strike 0-1: Called Strike 0-2: Foul Ball, location: 2F 0-2: Ball 1-2: Strikes out swinging
|
|
Batting: RHB Brock Van Gilder
|
0-0: Swinging Strike 0-1: Fielders Choice at 2nd, 6-4 (Groundball, 6, EV 85.0 MPH)
|
| Top of the 9th over - 0 runs, 1 hit, 0 errors, 1 left on base; Toronto 8 - Baltimore 2 |
| BOTTOM OF THE 9TH |
|
Baltimore Orioles batting - Pitching for Toronto Blue Jays : LHP Tim Franco
|
|
Batting: SHB Cesar Herrera
|
0-0: Called Strike 0-1: Ball 1-1: Ball 2-1: Foul Ball, location: 2F 2-2: Strikes out swinging
|
|
Batting: SHB Tony Prado
|
0-0: Foul Ball, location: 2F 0-1: Fly out, F6 (Popup, 56D, EV 65.6 MPH)
|
|
Batting: SHB Bran Stark
|
0-0: Called Strike 0-1: Foul Ball, location: 2F 0-2: Foul Ball, location: 2F 0-2: Strikes out swinging
|
| Bottom of the 9th over - 0 runs, 0 hits, 0 errors, 0 left on base; Toronto 8 - Baltimore 2 |
|